 Dungeon Crawl Stone Soup version 0.32-a0-933-ga8fa363 (webtiles) character file.

Game seed: 7626278959627360798

1297 ooops the Slasher (level 8, 0/61 HPs)
             Began as a Coglin Gladiator on Apr 14, 2024.
             Was a Follower of Qazlal.
             Slain by a hornet (11 damage)
             ... on level 5 of the Dungeon.
             The game lasted 00:10:35 (4251 turns).

ooops the Slasher (Coglin Gladiator)                Turns: 4251, Time: 00:10:35

Health: 0/61       AC: 12    Str: 15    XL:     8   Next: 56%
Magic:  8/8        EV: 10    Int:  7    God:    Qazlal [*.....]
Gold:   188        SH:  1    Dex: 18    Spells: 7/7 levels left

rFire   . . .        C - +3 dagger {Sagil-Zimu}
rCold   . . .        r - +2 dagger (drain) {Hong}
rNeg    . . .        F - +0 scale mail
rPois   .            c - +0 helmet
rElec   .            B - scarf {+Inv}
rCorr   .            w - +0 pair of gloves
SInv    .            z - +2 pair of boots
Will    .....        (amulet unavailable)
Stlth   +            (ring unavailable)
HPRegen 0.30/turn    (ring unavailable)
MPRegen 0.11/turn    (no gizmo)

%: no passive effects
@: lethally poisoned (0 -> -3), slowed, revved, very slow
A: off-hand wielding, slow wielding, warmup strikes, no jewellery
a: Invent Gizmo, Renounce Religion, Evoke Invisibility


You were on level 5 of the Dungeon.
You worshipped Qazlal.
Qazlal was aware of your devotion.
You visited 2 branches of the dungeon, and saw 6 of its levels.

You collected 188 gold pieces.

Inventory:

Hand Weapons
 a - a +0 long sword {Malki}
 f - a +0 dagger {Mirna}
 r - a +2 dagger of draining (offhand) {Hong}
 y - a +0 long sword
 C - a +3 dagger (weapon) {Sagil-Zimu}
 H - a +0 long sword
Missiles
 d - 3 throwing nets (quivered)
 e - 5 javelins
 l - 4 boomerangs
 s - 5 silver javelins
 v - 11 poisoned darts
Armour
 b - a +0 leather armour
 c - a +0 helmet (worn)
 k - a +0 ring mail of fire resistance
 p - a +0 plate armour
 w - a +0 pair of gloves (worn)
 z - a +2 pair of boots (worn)
 B - a scarf of invisibility (worn)
 F - a +0 scale mail (worn)
Wands
 t - a wand of flame (10)
Scrolls
 g - 7 scrolls of identify {unknown}
 j - 4 scrolls of teleportation {unknown}
 m - a scroll of blinking {unknown}
 q - a scroll of revelation {unknown}
 u - a scroll of poison {unknown}
 x - 2 scrolls of immolation {unknown}
 E - a scroll of silence {unknown}
 G - a scroll of amnesia {unknown}
Potions
 h - a potion of lignification {unknown}
 i - a potion of berserk rage {unknown}
 n - 2 potions of curing
 o - a potion of magic {unknown}
 A - a potion of might {unknown}
 D - 2 potions of heal wounds {unknown}


   Skills:
 + Level 4.6 Fighting
 + Level 4.7(5.8) Short Blades
 + Level 5.6(6.6) Long Blades
 + Level 1.7 Throwing
 + Level 3.0 Armour
 + Level 4.2 Dodging
 + Level 1.7 Stealth


You had 7 spell levels left.
You didn't know any spells.
Your spell library was empty.

Dungeon Overview and Level Annotations

Branches:
Dungeon (5/15)             Temple (1/1) D:4

Altars:
Ashenzari
Cheibriados
Dithmenos
Elyvilon
Fedhas
Gozag
Kikubaaqudgha
Makhleb
Okawaru
Qazlal
Ru
Sif Muna
Trog
Uskayaw
Vehumet
Xom
The Shining One


Innate Abilities, Weirdness & Mutations

You can wield a second weapon in your off-hand.
It takes a long time for you to wield or remove held weapons.
Your first few attacks do less damage.
You cannot equip rings or amulets.


Message History

You drain the hornet.
You feel sick. The hornet stings you.
You are more poisoned.
You feel as though you will be slow longer.
You hit the hornet but do no damage.
The hornet is moderately wounded.
You hit the hornet but do no damage.
You feel very sick. The hornet closely misses you.
The hornet stings you but does no damage.
You miss the hornet with your +2 dagger of draining.
The hornet is moderately wounded.
You barely miss the hornet with your +3 dagger.
You feel very sick. The hornet barely misses you.
You hit the hornet with your +2 dagger of draining.
The hornet is moderately wounded.
You hit the hornet but do no damage.
You feel sick.
The hornet stings you but does no damage.
The hornet barely misses you.
You completely miss the hornet with your +2 dagger of draining.
The hornet is moderately wounded.
You hit the hornet but do no damage.
You feel sick.
The hornet stings you but does no damage. x2
You miss the hornet with your +3 dagger.
The hornet is moderately wounded.
You hit the hornet with your +2 dagger of draining.
You feel sick. The hornet stings you.
* * * LOW HITPOINT WARNING * * *
You feel as though you will be slow longer.
Throw: 6 javelins
Press: ? - help, Shift-Dir - straight line, f - hornet
Aim: a hornet (heavily wounded, lightly drained, 46% to hit)
You throw a javelin. The javelin closely misses the hornet.
The javelin closely misses the orc.
The javelin pierces through the hound zombie.
The hound zombie is almost destroyed.
The javelin pierces through the scorpion zombie.
The scorpion zombie is lightly damaged.
You feel sick. The hornet stings you!
You die...

#.~≈~~..##.##.# #.#
#P~~~~.....##.# #.#
#P~~~~.###.##.# #.#
#.~~~.P# #.##.## .#
#..P=..# #.. .####.#
##...###
#####......# #.#.#
#........#
#.#.#######Z...ß...#
#.#.....@yoZZ..(....
#.#########Z........
#.# #.§....... #.#
#ZZ§§..... #.#
§P§§.###+# #.#
~~~...! ...
§.~~~~### #§~~~~.#
§§.~~~..


You could see a hornet (drained), an orc, 2 hound zombies, a hornet zombie and a
scorpion zombie.

Vanquished Creatures
  Edmund (D:5)
  A hornet zombie (D:5)
  An ogre (D:5)
  A kobold brigand (D:4)
  A water moccasin zombie (D:5)
  A wyvern skeleton (D:5)
  A howler monkey (D:4)
  A centaur zombie (D:5)
  5 bullfrog zombies (D:5)
  A centaur skeleton (D:5)
  A bombardier beetle (D:4)
  2 orc priests (D:3)
  2 bullfrog skeletons (D:5)
  Terence (D:2)
  5 iguanas
  2 orc wizards (D:4)
  A hound zombie (D:5)
  2 hound skeletons (D:5)
  A howler monkey zombie (D:5)
  7 adders
  An adder skeleton (D:5)
  An adder zombie (D:5)
  A ribbon worm (D:2)
  3 dart slugs
  6 orcs
  4 endoplasms
  4 giant cockroaches
  6 goblins
  10 hobgoblins
  2 jackals (D:3)
  3 quokkas
  3 ball pythons (D:2)
  2 bats
  3 frilled lizards (D:1)
  10 kobolds
  4 rats
101 creatures vanquished.

Notes
Turn   | Place    | Note
-------+----------+-------------------------------------------
     0 | D:1      | ooops the Coglin Gladiator began the quest for the Orb.
     0 | D:1      | Reached XP level 1. HP: 16/16 MP: 1/1
   217 | D:1      | Reached XP level 2. HP: 16/22 MP: 2/2
   836 | D:2      | Reached XP level 3. HP: 27/27 MP: 3/3
   861 | D:2      | Found a hide-covered altar of Uskayaw.
   924 | D:2      | Found a faded altar of an unknown god.
  1031 | D:2      | Noticed Terence
  1044 | D:2      | Killed Terence
  1045 | D:2      | Reached skill level 4 in Long Blades
  1045 | D:2      | Reached XP level 4. HP: 20/33 MP: 4/4
  1427 | D:3      | Found a bloodstained altar of Trog.
  1427 | D:3      | Found a snail-covered altar of Cheibriados.
  1455 | D:3      | Reached skill level 1 in Short Blades
  1455 | D:3      | Reached skill level 1 in Armour
  1455 | D:3      | Reached XP level 5. HP: 19/39 MP: 5/5
  1689 | D:3      | Found a shadowy altar of Dithmenos.
  2359 | D:4      | Reached XP level 6. HP: 35/46 MP: 6/6
  2662 | D:4      | Reached skill level 5 in Long Blades
  2766 | D:4      | Found a staircase to the Ecumenical Temple.
  2772 | Temple   | Entered the Ecumenical Temple
  2819 | Temple   | Became a worshipper of Qazlal Stormbringer
  2905 | D:4      | Reached skill level 1 in Stealth
  3220 | D:4      | Reached XP level 7. HP: 52/52 MP: 7/7
  3292 | D:5      | Entered Level 5 of the Dungeon
  3802 | D:5      | Noticed Edmund
  3825 | D:5      | Killed Edmund
  3826 | D:5      | Reached XP level 8. HP: 22/60 MP: 8/8
  4074 | D:5      | Reached * piety under Qazlal
  4220 | D:5      | Noticed a hornet
  4251 | D:5      | Slain by a hornet

Illustrated notes

Levels and vault maps discovered:
D:1:      psy_arrival_dodecagon, layout_basic, minmay_tall_x
D:2:      layout_rooms, basic_altar, nicolae_ecumenical_snake_handling,
          uniq_terence
D:3:      layout_basic, grunt_temple_overflow_open
D:4:      layout_loops_ring, temple_doors_e, minmay_misc_feat_rugged,
          chequers_avenue, roderic_roman_lattice, kennysheep_generic_room_9
D:5:      layout_basic, serial_undead, serial_undead_d, serial_undead_f,
          serial_undead_f, serial_undead_d, serial_undead_a, serial_undead_d,
          serial_undead_f, serial_undead_c, serial_undead_d, serial_undead_f,
          uniq_edmund
Temple:   compressed_dpeg_triangle_lava_temple

Skill      XL: |  1  2  3  4  5  6  7  8 |
---------------+-------------------------+-----
Dodging        | 3 4 |  4.2
Long Blades    | 4 5 |  5.6
Short Blades   | 1 3 4 |  4.7
Armour         | 1 2 3 |  3.0
Fighting       | 3 4 |  4.6
Stealth        | 1 |  1.7
Throwing       | |  1.7

Action                     |  1- 3 |  4- 6 |  7- 9 || total
---------------------------+-------+-------+-------++-------
  Melee: Long sword        |    73 |   104 |       ||   177
         Dagger            |    59 |   114 |   349 ||   522
  Throw: Javelin           |       |       |     1 ||     1
    Use: Potion            |       |       |     1 ||     1
   Stab: Sleeping          |       |     3 |       ||     3
 Armour: Leather armour    |     8 |       |       ||     8
         Ring mail         |    36 |    66 |    76 ||   178
         Scale mail        |       |       |    58 ||    58
  Dodge: Dodged            |    43 |    50 |   124 ||   217
  Block: Other             |       |       |     2 ||     2

Table legend: (Time is in decaauts)
 A = Elapsed time spent in this place.
 B = Non-inter-level travel time spent in this place.
 C = Inter-level travel time spent in this place.
 D = Time resting spent in this place.
 E = Time spent auto-exploring this place.
 F = Levels seen in this place.
 G = Mean time per level.
                   A        B        C        D        E       F      G
               +--------+--------+--------+--------+--------+-----+--------+
         Total |   4218 |   3919 |    299 |    129 |   3066 |   6 |  703.0 |
       Dungeon |   4162 |   3917 |    245 |    129 |   3066 |   5 |  832.4 |
        Temple |     56 |      2 |     54 |      0 |      0 |   1 |   56.0 |
               +--------+--------+--------+--------+--------+-----+--------+

Top non-repeatable levels by time:
     D:4: 957 daAuts
     D:5: 921 daAuts
     D:3: 850 daAuts
     D:1: 829 daAuts
     D:2: 603 daAuts
  Temple: 56 daAuts
